Map: [TLMC21] Celestial Enclave

Players

Jumy (ForJumy)

  • Race: Protoss Protoss
  • League: Master
  • Spawn Location: 7:00

HolyHit - Winner!

  • Race: Protoss Protoss
  • League: Grandmaster
  • Spawn Location: 1:00

VOD

Have the link to the VOD?

Description

Time

  • Played on: Jan. 30, 2026, 3:02 p.m.
  • Length: 6:25
Show
View Real Time Build Order
Export as new Build Order

Jumy Protoss 

Build Orders: Oracle Opening 

Get SALT Encoding   

  12  0:00  Probe  
  13  0:12  Probe  
  14  0:19  Pylon  
  14  0:24  Probe  
  15  0:33  Probe  
  15  0:37  Gateway  
  15  0:41  Probe  
  16  0:47  Assimilator  
  17  0:51  Probe  
  17  0:54  Assimilator  
  18  1:02  Probe  
  19  1:06  Gateway  
  19  1:10  Probe  
  19  1:18  Probe  
  20  1:24  Cybernetics Core  
  21  1:29  Probe  
  22  1:41  Pylon, Probe  
  23  1:59  Probe  
  23  2:01  Stargate  
  24  2:04  Stalker  
  26  2:11  Probe  
  26  2:12  Stalker  
  29  2:23  Pylon  
  29  2:25  Probe  
  30  2:37  Probe  
  30  2:38  Stalker  
  30  2:43  Oracle  
  33  2:47  Pylon  
  35  3:02  Warp Gate  
  35  3:05  Probe  
  36  3:12  Stalker  
  38  3:22  Stalker  
  40  3:33  Probe  
  41  3:41  Robotics Facility  
  41  3:51  Probe  
  41  3:54  Pylon  
  42  4:03  Pylon  
  42  4:07  Nexus  
  41  4:12  Probe  
  42  4:20  Sentry  
  42  4:21  Sentry  
  42  4:24  Probe, Pylon  
  47  4:27  Shield Battery  
  47  4:42  Immortal  
  47  4:45  Pylon  
  51  4:52  Stalker  
  47  4:59  Stalker  
  43  5:14  Shield Battery  
  43  5:18  Zealot  
  41  5:35  Stalker  
  32  5:44  Zealot  
  16  6:13  Zealot x2  
Show
View Real Time Build Order
Export as new Build Order

HolyHit Protoss - Winner!

Build Orders: Blink Stalkers 

Get SALT Encoding   

  12  0:00  Probe  
  13  0:12  Probe  
  14  0:17  Pylon  
  14  0:24  Probe  
  15  0:32  Probe  
  15  0:38  Gateway  
  15  0:40  Probe  
  16  0:48  Assimilator  
  17  0:51  Probe  
  18  0:58  Assimilator  
  18  1:01  Probe  
  19  1:09  Probe  
  19  1:10  Gateway  
  19  1:18  Probe  
  21  1:26  Cybernetics Core  
  21  1:30  Probe  
  22  1:36  Pylon  
  22  1:42  Probe  
  23  2:02  Adept x2, Warp Gate  
  23  2:07  Twilight Council  
  27  2:11  Probe  
  28  2:22  Pylon  
  28  2:31  Stalker x2  
  31  2:41  Blink  
  30  2:59  Gateway  
  30  3:02  Probe  
  30  3:05  Shield Battery  
  31  3:17  Stalker  
  31  3:23  Stalker  
  35  3:49  Pylon  
  33  3:58  Stalker  
  33  3:59  Stalker  
  37  4:08  Gateway  
  37  4:10  Stalker  
  39  4:23  Stalker x2  
  42  4:39  Stalker  
  40  4:57  Stalker x2  
  42  5:10  Stalker  
  42  5:11  Stalker  
  46  5:18  Pylon  
  46  5:26  Stalker  
  42  5:47  Stalker  
  42  5:48  Stalker x2  
  46  5:58  Stalker  
  48  6:13  Stalker x2  
Tags
 
Add a new tag
Caveats
  • Supply blocks, unpowered buildings, or Contaminate may cause inaccurate times.
  • Supply counts are checked every 10 seconds.